 Dungeon Crawl Stone Soup version 0.27-a0-1060-gcb85b5eba1 (webtiles) character file.

Game seed: 7186379530185121159

245 tilp the Sneak (level 6, -2/33 HPs)
             Began as a Vine Stalker Brigand on Apr 21, 2021.
             Slain by an ogre
             ... wielding a +0 giant club
              (15 damage)
             ... on level 4 of the Dungeon.
             The game lasted 00:03:14 (3447 turns).

tilp the Sneak (Vine Stalker Brigand)               Turns: 3447, Time: 00:03:14

Health: -2/33      AC:  7    Str: 13    XL:     6   Next: 10%
Magic:  0/7        EV: 10    Int: 11    God:
Gold:   124        SH:  0    Dex: 18    Spells: 5/5 levels left

rFire    . . .     SeeInvis +   a - +2 dagger
rCold    . . .     Faith    .   (no shield)
rNeg     . . .     Spirit   +   f - +0 ring mail
rPois    .         Reflect  .   h - +0 helmet
rElec    .         Harm     .   c - +0 cloak
rCorr    .         Rampage  .   (no gloves)
Will     .....                  (no boots)
Stlth    ++........             (no amulet)
HPRegen  1.11/turn              j - ring of see invisible
MPRegen  0.10/turn              (no ring)

@: no status effects
A: fangs 2, regeneration 1, magic shield, antimagic bite, no potion heal 2
a: no special abilities


You were on level 4 of the Dungeon.
You visited 1 branch of the dungeon, and saw 4 of its levels.

You collected 124 gold pieces.

Inventory:

Hand Weapons
 a - a +2 dagger (weapon)
Missiles
 d - 42 poisoned darts (quivered)
 e - 2 curare-tipped darts {!f}
 m - 6 boomerangs
Armour
 c - a +0 cloak (worn)
 f - a +0 ring mail (worn)
 h - a +0 helmet (worn)
Jewellery
 j - a ring of see invisible (left hand)
Wands
 g - a wand of digging (2)
 l - a wand of acid (4)
Scrolls
 n - a scroll of blinking {unknown}
 p - a scroll of teleportation {unknown}
Potions
 b - a potion of magic {unknown}
 i - 6 potions of curing
 k - 2 potions of haste {unknown}
 o - a potion of brilliance {unknown}
 q - 2 potions of lignification {unknown}


   Skills:
 - Level 4.0 Fighting
 + Level 4.1 Short Blades
 - Level 1.7 Throwing
 + Level 1.0 Dodging
 + Level 5.0 Stealth


You had 5 spell levels left.
You didn't know any spells.
Your spell library was empty.

Dungeon Overview and Level Annotations

Branches:
Dungeon (4/15)
 Temple: D:4-7

Altars:


Innate Abilities, Weirdness & Mutations

You have extremely sharp teeth.
Your natural rate of healing is unusually fast.
When hurt, damage is shared between your health and your magic reserves.
Your bite disrupts and absorbs the magic of your enemies.
Potions cannot restore your health.


Message History

The poisoned dart barely misses the ogre.
You throw a poisoned dart. The poisoned dart hits the ogre.
The ogre looks even sicker.
The ogre is lightly wounded.
An orc wizard comes into view. It is wielding a +0 dagger.
An orc comes into view. It is wielding a +0 rapier.
The orc shouts!
You hit the ogre but do no damage.
The ogre is lightly wounded.
The ogre hits you with a +0 giant club!!
Ouch! That really hurt!
* * * LOW HITPOINT WARNING * * *
Unknown command.
You hit the ogre but do no damage.
The ogre is lightly wounded.
The ogre completely misses you.
Unknown command.
You hit the ogre but do no damage.
The ogre is lightly wounded.
Unknown command.
You hit the ogre. Your bite misses the ogre.
The ogre is moderately wounded.
The orc closely misses you. The ogre hits you but does no damage.
Unknown command.
You hit the ogre.
The ogre is moderately wounded.
The orc hits you with a +0 rapier.
* * * LOW HITPOINT WARNING * * *
The ogre completely misses you.
Unknown command.
You hit the ogre. Your bite misses the ogre.
The ogre is heavily wounded.
The orc hits you with a +0 rapier.
* * * LOW HITPOINT WARNING * * *
Unknown command.
You hit the ogre but do no damage. You bite the ogre. You drain its power.
You feel invigorated.
The ogre is heavily wounded.
The ogre hits you with a +0 giant club!!
You die...

#.# #...######..#
##.####..# ##.#
##.###........#
.#
........#####.#
.# ....###.##
#..# .#
##.......#####.##
#.####..........
#o######.## #@##
.# #.O#
o.....o...(.((.
#.######.##...(
.# ... .. .. ##.
$ #


You could see an ogre (very poisoned), an orc wizard and an orc.

Vanquished Creatures
  Sigmund (D:2)
  Robin (D:2)
  2 adders
  A worm (D:2)
  A dart slug (D:1)
  An orc (D:3)
  10 ball pythons
  8 endoplasms
  4 giant cockroaches
  9 goblins
  7 hobgoblins
  2 jackals (D:1)
  2 quokkas (D:3)
  4 bats
  4 frilled lizards
  4 kobolds
  5 rats
66 creatures vanquished.

Vanquished Creatures (others)
  A plant (D:2)
1 creature vanquished.

Grand Total: 67 creatures vanquished

Notes
Turn   | Place    | Note
-------+----------+-------------------------------------------
     0 | D:1      | tilp the Vine Stalker Brigand began the quest for the Orb.
     0 | D:1      | Reached XP level 1. HP: 11/11 MP: 2/2
    15 | D:1      | Found a faded altar of an unknown god.
   208 | D:1      | Reached XP level 2. HP: 15/15 MP: 3/3
   714 | D:1      | Reached XP level 3. HP: 19/19 MP: 4/4
  1532 | D:2      | Noticed Robin
  1563 | D:2      | Killed Robin
  1914 | D:2      | Gained mutation: Your natural rate of healing is unusually
                  | fast. [Vine Stalker growth]
  1914 | D:2      | Reached XP level 4. HP: 6/23 MP: 1/5
  1963 | D:2      | Noticed Sigmund
  1975 | D:2      | Killed Sigmund
  1976 | D:2      | Reached XP level 5. HP: 20/29 MP: 4/6
  2843 | D:3      | Reached XP level 6. HP: 33/33 MP: 7/7
  3215 | D:3      | Reached skill level 1 in Dodging
  3331 | D:4      | Reached skill level 5 in Stealth
  3447 | D:4      | Slain by an ogre

Illustrated notes

Levels and vault maps discovered:
D:1:      minmay_arrival_semitransparent, layout_basic, basic_ecumenical_altar,
          roderic_lattice_a
D:2:      layout_basic, serial_forest, infiniplex_forest_lined_4_way,
          infiniplex_forest_corner_1, infiniplex_forest_clump_tiny,
          infiniplex_forest_clump_diagonal, infiniplex_forest_clump_medium,
          infiniplex_forest_straight_3, chequers_serial_rivers_micro_c,
          minmay_ruptured, uniq_robin, uniq_sigmund
D:3:      layout_basic
D:4:      layout_rooms, minmay_temple_entry_enclosed_plants

Skill      XL: |  1  2  3  4  5  6 |
---------------+-------------------+-----
Fighting       | 2 3 4 |  4.0
Short Blades   | 2 3 4 |  4.1
Dodging        | 1 |  1.0
Stealth        | 5 |  5.0
Throwing       | |  1.7

Action                   |  1- 3 |  4- 6 || total
-------------------------+-------+-------++-------
Melee: Dagger            |   104 |    53 ||   157
       Bite              |    30 |    13 ||    43
Throw: Dart              |       |    11 ||    11
  Use: Scroll            |     2 |     2 ||     4
 Stab: Sleeping          |    12 |    10 ||    22
Armor: Robe              |     5 |       ||     5
       Ring mail         |    16 |    19 ||    35
Dodge: Dodged            |    40 |    12 ||    52

Table legend: (Time is in decaauts)
 A = Elapsed time spent in this place.
 B = Non-inter-level travel time spent in this place.
 C = Inter-level travel time spent in this place.
 D = Time resting spent in this place.
 E = Time spent auto-exploring this place.
 F = Levels seen in this place.
 G = Mean time per level.
                   A        B        C        D        E       F      G
               +--------+--------+--------+--------+--------+-----+--------+
         Total |   3422 |   3329 |     93 |    288 |   2574 |   4 |  855.5 |
       Dungeon |   3422 |   3329 |     93 |    288 |   2574 |   4 |  855.5 |
               +--------+--------+--------+--------+--------+-----+--------+

Top non-repeatable levels by time:
     D:2: 1284 daAuts
     D:1: 1240 daAuts
     D:3: 748 daAuts
     D:4: 149 daAuts
